 Dungeon Crawl Stone Soup version 0.22-a0-433-gd2a9cce (webtiles) character file.

319 mortelune the Ruffian (level 6, -4/56 HPs)
             Began as a Draconian Transmuter on May 27, 2018.
             Slain by a mummy (16 damage)
             ... in an ossuary.
             The game lasted 00:13:36 (4554 turns).

mortelune the Ruffian (Draconian Transmuter)        Turns: 4554, Time: 00:13:37

Health: -4/56      AC:  6    Str: 14    XL:     6   Next: 21%
Magic:  10/10      EV: 10    Int: 18    God:
Gold:   223        SH:  0    Dex: 12    Spells: 1/11 levels left

rFire    x . .     SeeInvis .     - Unarmed
rCold    + + +     Gourm    .   (shield currently unavailable)
rNeg     . . .     Faith    .   (armour unavailable)
rPois    +         Spirit   .   (helmet currently unavailable)
rElec    .         Reflect  .   (cloak currently unavailable)
rCorr    .         Harm     .   (gloves currently unavailable)
MR       .....                  (boots currently unavailable)
Stlth    +.........             f - amulet of magic regeneration
HPRegen  0.18/turn              d - ring of poison resistance
MPRegen  0.37/turn              (no ring)

@: brilliant, ice-form
A: large, unfitting armour, AC +6
a: End Transformation


You were in an ossuary.
You were hungry.
You were a creature of crystalline ice.
You visited 1 branch of the dungeon, and saw 4 of its levels.
You also visited: Ossuary.

You collected 223 gold pieces.

Inventory:

Armour
 m - a +0 cloak (melded)
 p - a +0 pair of gloves (melded)
Jewellery
 d - a ring of poison resistance (left front paw)
 f - an amulet of magic regeneration (around neck)
Wands
 b - a wand of random effects (21)
 n - a wand of digging (5)
Scrolls
 h - a scroll of amnesia
 j - a scroll of remove curse
 k - a scroll of identify
 q - a scroll of fear {unknown}
 r - a scroll of enchant armour {unknown}
Potions
 a - a potion of mutation {unknown}
 e - a potion of curing {unknown}
 g - 2 potions of brilliance
 s - a potion of resistance {unknown}
Comestibles
 c - 8 rations


   Skills:
 - Level 1.1 Fighting
 - Level 1.7 Dodging
 * Level 5.0 Unarmed Combat
 + Level 3.1 Spellcasting
 * Level 4.4 Transmutations


You had one spell level left.
You knew the following spells:

 Your Spells              Type           Power        Failure   Level  Hunger
a - Beastly Appendage     Tmut           ####..       1%          1    None
b - Sticks to Snakes      Tmut           ####....     1%          2    ##.....
c - Spider Form           Tmut/Pois      ###.......   2%          3    ###....
d - Ice Form              Ice/Tmut       ###.....     8%          4    ####...

Your spell library contained the following spells:

 Spells                   Type           Power        Failure   Level  Hunger
 Blade Hands              Tmut           ####......   9%          5    ######.


Dungeon Overview and Level Annotations

Branches:
Dungeon (4/15)
 Temple: D:4-7

Altars:
The Shining One

Annotations:
D:2 1 runed door, Purgy
D:3 1 runed door


Innate Abilities, Weirdness & Mutations

((Your plain brown scales are hard. (AC +6)))
You cannot fit into any form of body armour.
((You are cold-blooded and may be slowed by cold attacks.))


Message History

You punch the gnoll zombie!
You destroy the gnoll zombie!
The mummy hits you but does no damage. The kobold zombie hits you.
You barely miss the orc zombie. The orc zombie hits you.
You punch the orc zombie!
You destroy the orc zombie!
The kobold zombie barely misses you. The mummy hits you!
The kobold zombie hits you. The mummy hits you!
* * * LOW HITPOINT WARNING * * *
You hit the mummy but do no damage. The kobold zombie barely misses you.
You hit the mummy. You freeze the mummy.
The mummy is moderately damaged.
The mummy barely misses you.
You hit the mummy but do no damage.
The mummy is moderately damaged.
The kobold zombie barely misses you.
You punch the mummy! You freeze the mummy.
The mummy is almost destroyed.
The kobold zombie barely misses you. The mummy hits you!
You die...

#......#
#....#
#....#
#....#
#....#
#....#
#....#
#..M.#
#..Y.#
#.∩Z.#
######


You could see a mummy and a kobold zombie.

Vanquished Creatures
  2 orc priests (D:3)
  Terence (D:2)
  A hound skeleton (D:4)
  3 mummies (Ossuary)
  5 adders
  2 oozes
  An adder zombie (D:3)
  2 dart slugs (D:1)
  3 leopard geckos (D:1)
  9 orcs (D:3)
  A giant cockroach (D:1)
  14 goblins
  11 hobgoblins
  9 jackals
  6 kobolds
  A quokka (D:3)
  2 ball pythons (D:2)
  7 bats
  7 frilled lizards
  A gnoll zombie (Ossuary)
  3 hobgoblin zombies (Ossuary)
  4 orc zombies
  4 rats
99 creatures vanquished.

Vanquished Creatures (collateral kills)
  An orc priest (D:3)
  Robin (D:2)
  A goblin (D:2)
  2 kobolds
  A frilled lizard (D:2)
6 creatures vanquished.

Grand Total: 105 creatures vanquished

Notes
Turn   | Place    | Note
-------+----------+-------------------------------------------
     0 | D:1      | mortelune the Draconian Transmuter began the quest for the Orb.
     0 | D:1      | Reached XP level 1. HP: 16/16 MP: 3/3
   137 | D:1      | Reached XP level 2. HP: 23/23 MP: 3/5
   309 | D:1      | Learned a level 2 spell: Sticks to Snakes
   701 | D:1      | Reached XP level 3. HP: 27/28 MP: 4/6
  1629 | D:2      | Noticed Terence
  1809 | D:2      | Killed Terence
  1809 | D:2      | Reached skill level 4 in Unarmed Combat
  1809 | D:2      | Reached XP level 4. HP: 27/35 MP: 2/7
  1860 | D:2      | Learned a level 3 spell: Spider Form
  1922 | D:2      | Noticed Robin
  2053 | D:2      | Killed Robin
  2694 | D:2      | Reached XP level 5. HP: 40/40 MP: 7/9
  2786 | D:2      | Found a runed door.
  3067 | D:3      | Found a glowing golden altar of the Shining One.
  3067 | D:3      | Found a runed door.
  3067 | D:3      | Noticed an angel
  3072 | D:3      | Noticed Purgy
  3734 | D:3      | Learned a level 4 spell: Ice Form
  4485 | D:4      | Reached XP level 6. HP: 44/47 MP: 10/10
  4486 | D:4      | Found a sand-covered staircase.
  4505 | Ossuary  | Entered an ossuary
  4525 | Ossuary  | Reached skill level 5 in Unarmed Combat
  4554 | Ossuary  | Slain by a mummy

Vault maps used:
D:1:      dpeg_arrival_solitude
D:2:      st_stairs_10, uniq_robin, uniq_crazy_yiuf_cottage, uniq_terence
D:3:      first_ration, lemuel_angel_altar, uniq_purgy
D:4:      lemuel_doored_altar, grunt_temple_overflow_diamond, enter_ossuary_3,
          serial_shops, nicolae_shop_crystal
Ossuary:  ossuary_tomb_3

Skill      XL: |  1  2  3  4  5  6 |
---------------+-------------------+-----
Transmutations | 3 4 |  4.4
Unarmed Combat | 4 5 |  5.0
Spellcasting   | 3 |  3.1
Fighting       | |  1.1
Dodging        | |  1.7

Action                   |  1- 3 |  4- 6 || total
-------------------------+-------+-------++-------
Melee: Unarmed           |   126 |   206 ||   332
       Kick              |     5 |     9 ||    14
       Tailslap          |    11 |    15 ||    26
       Headbutt          |     9 |     9 ||    18
       Punch             |       |     2 ||     2
 Cast: Beastly Appendage |    19 |    24 ||    43
       Sticks to Snakes  |     3 |     9 ||    12
       Ice Form          |       |     1 ||     1
Evoke: Wand              |       |     1 ||     1
  Use: Scroll            |       |     6 ||     6
       Potion            |       |     3 ||     3
  Eat: Chunk             |     3 |    10 ||    13
Armor: Skin              |    65 |   116 ||   181
Dodge: Dodged            |    95 |   181 ||   276

Table legend:
 A = Spawn XP
 B = Non-spawn XP
 C = Spawn XP percentage of total XP
 D = Spawn monster count
 E = Non-spawn monster count
 F = Spawn count percentage of total count
 G = Total turns spent on level
                    A         B        C        D         E        F      G
               +---------+---------+-------+---------+---------+-------+---------
         Total |       0 |     457 |   0.0 |       0 |     105 |   0.0 |  4554
               +---------+---------+-------+---------+---------+-------+---------
           D:1 |       0 |      81 |   0.0 |       0 |      34 |   0.0 |  1937
           D:2 |       0 |     131 |   0.0 |       0 |      35 |   0.0 |  1328
           D:3 |       0 |     164 |   0.0 |       0 |      24 |   0.0 |  1197
           D:4 |       0 |      20 |   0.0 |       0 |       2 |   0.0 |    43
       Ossuary |       0 |      61 |   0.0 |       0 |      10 |   0.0 |    49
               +---------+---------+-------+---------+---------+-------+---------
